PBL
KELOWNA HEAT @ AMARILLO THUNDERHEADS
07/15/2048
 
TOP OF THE 1ST
Kelowna Heat batting - Pitching for Amarillo ThunderHeads : RHP Guignard Settignano
Pitching: RHP Guignard Settignano
Batting: RHB Tsugio Yamaguchi 0-0: Ball
1-0: Foul Ball, location: 2F
1-1: Ball
2-1: Ground out 6-3 (Groundball, 6, EV 84.4 MPH)
Batting: LHB Adrian Navarro 0-0: Foul Ball, location: 2F
0-1: Ball
1-1: Ball
2-1: Ball
3-1: Foul Ball, location: 2F
3-2: Foul Ball, location: 2F
3-2: Foul Ball, location: 2F
3-2: Foul Ball, location: 2F
3-2: Foul Ball, location: 2F
3-2: SOLO HOME RUN (Flyball, 89XD, EV 98.8 MPH), Distance : 385 ft
Batting: LHB Oscar Tamayo 0-0: Called Strike
0-1: Ball
1-1: SINGLE (Groundball, 4D, EV 98.8 MPH)
Batting: RHB Armando Ramirez 0-0: Ball
1-0: Ball
2-0: SINGLE (Groundball, 5S, EV 65.6 MPH) (infield hit)
Oscar Tamayo to second
Batting: RHB Mike Storey 0-0: Ball
1-0: Called Strike
1-1: Ball
2-1: Foul Ball, location: 2F
2-2: Foul Ball, location: 2F
2-2: Foul Ball, location: 2F
2-2: Ball
Wild Pitch!
Oscar Tamayo to third
Armando Ramirez to second
3-2: Foul Ball, location: 2F
3-2: Ground out 6-3 (Groundball, 6, EV 88.1 MPH)
Oscar Tamayo scores
Armando Ramirez to third
Batting: LHB Dennis Jones 0-0: Swinging Strike
0-1: Called Strike
0-2: Ball
1-2: Ball
2-2: Ball
Wild Pitch!
Armando Ramirez scores
3-2: Foul Ball, location: 2F
3-2: Foul Ball, location: 2F
3-2: Fly out, F8 (Flyball, 8LD, EV 93.8 MPH)
Top of the 1st over - 3 runs, 3 hits, 0 errors, 0 left on base; Kelowna 3 - Amarillo 0
BOTTOM OF THE 1ST
Amarillo ThunderHeads batting - Pitching for Kelowna Heat : RHP Brian Whitley
Pitching: RHP Brian Whitley
Batting: RHB Sam Voss 0-0: TRIPLE (Flyball, 9D, EV 98.8 MPH)
Batting: RHB Evan Fry 0-0: Foul Ball, location: 2F
0-1: Ball
1-1: Swinging Strike
1-2: Foul Ball, location: 2F
1-2: Foul Ball, location: 2F
1-2: Ball
2-2: Foul Ball, location: 2F
2-2: Fly out, F8 (Flyball, 78M, EV 87.5 MPH)
Runner from 3rd tags up, SCORES, throw by CF
Batting: LHB Danny Moreno 0-0: Ball
1-0: Swinging Strike
1-1: Called Strike
1-2: Ball
2-2: Strikes out swinging
Batting: RHB Robert Topete 0-0: Called Strike
0-1: SINGLE (Groundball, 56D, EV 103.1 MPH)
Batting: LHB Alex Rivera 0-0: SINGLE (Groundball, 4MD, EV 101.9 MPH) (infield hit)
Robert Topete to second
Batting: RHB Eric Camillo 0-0: Called Strike
0-1: Foul Ball, location: 2F
0-2: Ball
1-2: Ball
2-2: Foul Ball, location: 2F
2-2: Fly out, F8 (Flyball, 78S, EV 81.2 MPH)
Bottom of the 1st over - 1 run, 3 hits, 0 errors, 2 left on base; Kelowna 3 - Amarillo 1
TOP OF THE 2ND
Kelowna Heat batting - Pitching for Amarillo ThunderHeads : RHP Guignard Settignano
Batting: RHB Matt Wallace 0-0: Called Strike
0-1: Swinging Strike
0-2: SINGLE (Line Drive, 5D, EV 97.5 MPH)
Batting: RHB Soichi Kaneshiro 0-0: Ball
1-0: Called Strike
1-1: Foul Ball, location: 2F
1-2: Ball
2-2: Ball
3-2: Foul Ball, location: 2F
3-2: Base on Balls
Matt Wallace to second
Batting: RHB Sean Gilbert 0-0: Swinging Strike
0-1: Ball
1-1: SINGLE (Groundball, 34D, EV 105.0 MPH)
Matt Wallace to third
Soichi Kaneshiro to second
Runner from 3rd tries for Home, SAFE, throw by RF to home
Batting: RHB Tsugio Yamaguchi 0-0: Ball
1-0: Foul Ball, location: 2F
1-1: Foul Ball, location: 2F
1-2: Fly out, F8 (Line Drive, 78M, EV 88.8 MPH)
Batting: LHB Adrian Navarro 0-0: Ball
1-0: Swinging Strike
1-1: Ball
2-1: Ball
3-1: Called Strike
3-2: Base on Balls
Soichi Kaneshiro to third
Sean Gilbert to second
Batting: LHB Oscar Tamayo 0-0: Ball
1-0: Called Strike
1-1: Called Strike
1-2: Ball
2-2: Ball
3-2: Foul Ball, location: 2F
3-2: GRAND SLAM HOME RUN (Flyball, 9D, EV 100.0 MPH), Distance : 369 ft
Pitching: RHP Erik Myers
Batting: RHB Armando Ramirez 0-0: Ball
1-0: SOLO HOME RUN (Line Drive, 7D, EV 107.5 MPH), Distance : 388 ft
Batting: RHB Mike Storey 0-0: Swinging Strike
0-1: Foul Ball, location: 2F
0-2: Strikes out swinging
Batting: LHB Dennis Jones 0-0: Ball
1-0: Ball
2-0: Foul Ball, location: 2F
2-1: Ball
3-1: Fly out, F6 (Popup, 15S, EV 91.9 MPH)
Top of the 2nd over - 6 runs, 4 hits, 0 errors, 0 left on base; Kelowna 9 - Amarillo 1
BOTTOM OF THE 2ND
Amarillo ThunderHeads batting - Pitching for Kelowna Heat : RHP Brian Whitley
Batting: RHB Josh Shoemaker 0-0: Ball
1-0: Ball
2-0: Ball
3-0: Called Strike
3-1: Swinging Strike
3-2: Strikes out swinging
Batting: RHB Pat Martin 0-0: Called Strike
0-1: Fly out, F9 (Line Drive, 9S, EV 98.8 MPH)
Batting: RHB Eddie Vanderjagt 0-0: Foul Ball, location: 2F
0-1: Foul Ball, location: 2F
0-2: Ball
1-2: Foul Ball, location: 2F
1-2: Ball
2-2: Foul Ball, location: 2F
2-2: Foul Ball, location: 2F
2-2: Ball
3-2: Strikes out looking
Bottom of the 2nd over - 0 runs, 0 hits, 0 errors, 0 left on base; Kelowna 9 - Amarillo 1
TOP OF THE 3RD
Kelowna Heat batting - Pitching for Amarillo ThunderHeads : RHP Erik Myers
Batting: RHB Matt Wallace 0-0: Foul Ball, location: 2F
0-1: Ball
1-1: Called Strike
1-2: Hit by Pitch
Batting: RHB Soichi Kaneshiro 0-0: Called Strike
0-1: Called Strike
0-2: Foul Ball, location: 2F
0-2: Ball
1-2: Strikes out swinging
Batting: RHB Sean Gilbert 0-0: Foul Ball, location: 2F
0-1: Ball
1-1: Foul Ball, location: 2F
1-2: Strikes out swinging
Batting: RHB Tsugio Yamaguchi 0-0: Ball
1-0: Foul Ball, location: 2F
1-1: Foul Ball, location: 2F
1-2: Strikes out swinging
Top of the 3rd over - 0 runs, 0 hits, 0 errors, 1 left on base; Kelowna 9 - Amarillo 1
BOTTOM OF THE 3RD
Amarillo ThunderHeads batting - Pitching for Kelowna Heat : RHP Brian Whitley
Batting: RHB Sam Voss 0-0: Called Strike
0-1: Ball
1-1: Ball
2-1: Called Strike
2-2: Ground out 6-3 (Groundball, 6, EV 91.9 MPH)
Batting: RHB Evan Fry 0-0: Ball
1-0: Foul Ball, location: 2F
1-1: Ground out 5-3 (Groundball, 5L, EV 90.0 MPH)
Batting: LHB Danny Moreno 0-0: Fly out, F7 (Flyball, 7, EV 91.2 MPH)
Bottom of the 3rd over - 0 runs, 0 hits, 0 errors, 0 left on base; Kelowna 9 - Amarillo 1
TOP OF THE 4TH
Kelowna Heat batting - Pitching for Amarillo ThunderHeads : RHP Erik Myers
Batting: LHB Adrian Navarro 0-0: Ball
1-0: Called Strike
1-1: Swinging Strike
1-2: Strikes out swinging
Batting: LHB Oscar Tamayo 0-0: Called Strike
0-1: Ball
1-1: Called Strike
1-2: Ball
2-2: Ground out 4-3 (Groundball, 4S, EV 83.8 MPH)
Batting: RHB Armando Ramirez 0-0: Called Strike
0-1: Ball
1-1: Called Strike
1-2: Strikes out swinging
Top of the 4th over - 0 runs, 0 hits, 0 errors, 0 left on base; Kelowna 9 - Amarillo 1
BOTTOM OF THE 4TH
Amarillo ThunderHeads batting - Pitching for Kelowna Heat : RHP Brian Whitley
Batting: RHB Robert Topete 0-0: Ball
1-0: Ball
2-0: Ball
3-0: Base on Balls
Batting: LHB Alex Rivera 0-0: Called Strike
0-1: Ball
1-1: Ball
2-1: Called Strike
2-2: Strikes out looking
Batting: RHB Eric Camillo 0-0: Called Strike
0-1: Foul Ball, location: 2F
0-2: Ball
1-2: Ball
2-2: Foul Ball, location: 2F
2-2: SINGLE (Line Drive, 78S, EV 96.9 MPH)
Robert Topete to second
Batting: RHB Josh Shoemaker 0-0: Called Strike
0-1: Ball
1-1: Ball
2-1: Fly out, F7 (Flyball, 78D, EV 97.5 MPH)
Batting: RHB Pat Martin 0-0: Ground out 5-3 (Groundball, 56S, EV 91.9 MPH)
Bottom of the 4th over - 0 runs, 1 hit, 0 errors, 2 left on base; Kelowna 9 - Amarillo 1
TOP OF THE 5TH
Kelowna Heat batting - Pitching for Amarillo ThunderHeads : RHP Erik Myers
Batting: RHB Mike Storey 0-0: Swinging Strike
0-1: Foul Ball, location: 2F
0-2: Ball
1-2: Ball
2-2: Ball
3-2: Foul Ball, location: 2F
3-2: Fly out, F9 (Flyball, 89S, EV 91.2 MPH)
Batting: LHB Dennis Jones 0-0: Foul Ball, location: 2F
0-1: SINGLE (Line Drive, 34D, EV 95.0 MPH)
Batting: RHB Matt Wallace 0-0: Ball
1-0: Foul Ball, location: 2F
1-1: SINGLE (Line Drive, 3D, EV 96.9 MPH)
Dennis Jones to second
Runner from 2nd tries for 3rd, SAFE, throw by RF made to third
Batting: RHB Soichi Kaneshiro 0-0: Called Strike
0-1: Swinging Strike
0-2: Ball
1-2: Foul Ball, location: 2F
1-2: Ball
2-2: Hit by Pitch
Matt Wallace to second
Batting: RHB Sean Gilbert 0-0: Ball
1-0: Called Strike
1-1: Fly out, F8 (Flyball, 8RD, EV 82.5 MPH)
Runner from 3rd tags up, SCORES, throw by CF
Matt Wallace to third
Batting: RHB Tsugio Yamaguchi 0-0: Called Strike
0-1: Ball
1-1: Called Strike
1-2: Strikes out looking
Top of the 5th over - 1 run, 2 hits, 0 errors, 2 left on base; Kelowna 10 - Amarillo 1
BOTTOM OF THE 5TH
Amarillo ThunderHeads batting - Pitching for Kelowna Heat : RHP Brian Whitley
Batting: RHB Eddie Vanderjagt 0-0: Ball
1-0: Ball
2-0: Ball
3-0: Called Strike
3-1: Ground out 6-3 (Groundball, 6, EV 84.4 MPH)
Batting: RHB Sam Voss 0-0: Called Strike
0-1: Ball
1-1: Ground out 5-3 (Groundball, 56, EV 101.2 MPH)
Batting: RHB Evan Fry 0-0: Ball
1-0: SINGLE (Groundball, 56, EV 108.8 MPH) (infield hit)
Batting: LHB Danny Moreno 0-0: Ball
1-0: Swinging Strike
1-1: Ball
2-1: Called Strike
Evan Fry steals 2nd base
2-2: Foul Ball, location: 2F
2-2: Strikes out swinging
Bottom of the 5th over - 0 runs, 1 hit, 0 errors, 1 left on base; Kelowna 10 - Amarillo 1
TOP OF THE 6TH
Kelowna Heat batting - Pitching for Amarillo ThunderHeads : RHP Erik Myers
Batting: LHB Adrian Navarro 0-0: Ball
1-0: Ball
2-0: SOLO HOME RUN (Flyball, 9LD, EV 91.9 MPH), Distance : 338 ft
Pitching: RHP Dan Corrow
Batting: LHB Oscar Tamayo 0-0: Fly out, F3 (Popup, 3F, EV 81.2 MPH)
Batting: RHB Armando Ramirez 0-0: Ball
1-0: Ground out 4-3 (Groundball, 34, EV 100.0 MPH)
Batting: RHB Mike Storey 0-0: Ball
1-0: Foul Ball, location: 2F
1-1: Foul Ball, location: 2F
1-2: Foul Ball, location: 2F
1-2: Ball
2-2: Ball
3-2: Base on Balls
Batting: LHB Dennis Jones 0-0: Ball
1-0: Swinging Strike
1-1: Ball
2-1: Fly out, F8 (Flyball, 8LM, EV 88.1 MPH)
Top of the 6th over - 1 run, 1 hit, 0 errors, 1 left on base; Kelowna 11 - Amarillo 1
BOTTOM OF THE 6TH
Amarillo ThunderHeads batting - Pitching for Kelowna Heat : RHP Brian Whitley
Batting: RHB Robert Topete 0-0: SINGLE (Line Drive, 9LS, EV 95.0 MPH)
Batting: LHB Alex Rivera 0-0: Called Strike
0-1: Foul Ball, location: 2F
0-2: Foul Ball, location: 2F
0-2: Ball
1-2: Ball
2-2: Ball
3-2: Fielders Choice at 2nd, 3-6 (Groundball, 3, EV 105.6 MPH)
Pitching: LHP Ricky Coats
Batting: RHB Eric Camillo 0-0: Ball
1-0: Called Strike
1-1: Foul Ball, location: 2F
1-2: Foul Ball, location: 2F
1-2: Ball
2-2: Fly out, F8 (Flyball, 8LS, EV 90.6 MPH)
Batting: RHB Josh Shoemaker 0-0: Ball
1-0: Called Strike
1-1: Swinging Strike
1-2: Fly out, F8 (Flyball, 8LD, EV 86.2 MPH)
Bottom of the 6th over - 0 runs, 1 hit, 0 errors, 1 left on base; Kelowna 11 - Amarillo 1
TOP OF THE 7TH
Kelowna Heat batting - Pitching for Amarillo ThunderHeads : RHP Dan Corrow
Batting: RHB Matt Wallace 0-0: Ball
1-0: Foul Ball, location: 2F
1-1: Ball
2-1: Called Strike
2-2: Strikes out swinging
Batting: RHB Soichi Kaneshiro 0-0: Ball
1-0: Ground out 6-3 (Groundball, 6, EV 99.4 MPH)
Batting: RHB Sean Gilbert 0-0: Ball
1-0: Ball
2-0: Ball
3-0: Called Strike
3-1: Base on Balls
Batting: RHB Tsugio Yamaguchi 0-0: Called Strike
0-1: Ball
1-1: SINGLE (Groundball, 56D, EV 100.6 MPH)
Sean Gilbert to second
Runner from 2nd tries for 3rd, OUT! 7-5
Top of the 7th over - 0 runs, 1 hit, 0 errors, 1 left on base; Kelowna 11 - Amarillo 1
BOTTOM OF THE 7TH
Amarillo ThunderHeads batting - Pitching for Kelowna Heat : LHP Ricky Coats
Batting: RHB Pat Martin 0-0: Ball
1-0: Called Strike
1-1: Swinging Strike
1-2: Foul Ball, location: 2F
1-2: Strikes out looking
Pinch Hitting: RHB Eric Juarez 0-0: Called Strike
0-1: Ball
1-1: Called Strike
1-2: Ground out 2-3 (Groundball, 2R, EV 70.0 MPH)
Pitching: RHP Josh Henderson
Batting: RHB Sam Voss 0-0: SOLO HOME RUN (Flyball, 7D, EV 98.1 MPH), Distance : 361 ft
Pinch Hitting: RHB Bill Flannery 0-0: Called Strike
0-1: Swinging Strike
0-2: Ball
1-2: SINGLE (Line Drive, 9S, EV 101.9 MPH)
Batting: LHB Danny Moreno 0-0: Ball
1-0: Ball
2-0: Ball
3-0: Base on Balls
Bill Flannery to second
Pinch Hitting: LHB Tony Cisneros 0-0: Called Strike
0-1: Called Strike
0-2: Fly out, F5 (Line Drive, 56, EV 105.6 MPH)
Bottom of the 7th over - 1 run, 2 hits, 0 errors, 2 left on base; Kelowna 11 - Amarillo 2
TOP OF THE 8TH
Kelowna Heat batting - Pitching for Amarillo ThunderHeads : RHP Dan Corrow
Pitching: LHP Zach Harris
Now at 3B: Bill Flannery
Now at SS: Tony Cisneros
Now in CF: Mike Gruszewski
Batting: LHB Adrian Navarro 0-0: Called Strike
0-1: Ball
1-1: Foul Ball, location: 2F
1-2: Ball
2-2: Strikes out swinging
Batting: LHB Oscar Tamayo 0-0: Called Strike
0-1: Called Strike
0-2: Ball
1-2: Ball
2-2: Strikes out swinging
Pitching: RHP Jose Ramirez
Batting: RHB Armando Ramirez 0-0: Called Strike
0-1: Ball
1-1: Ground out 4-3 (Groundball, 4, EV 83.8 MPH)
Top of the 8th over - 0 runs, 0 hits, 0 errors, 0 left on base; Kelowna 11 - Amarillo 2
BOTTOM OF THE 8TH
Amarillo ThunderHeads batting - Pitching for Kelowna Heat : RHP Josh Henderson
Batting: LHB Alex Rivera 0-0: Ball
1-0: Ball
2-0: Called Strike
2-1: Ball
3-1: Swinging Strike
3-2: Foul Ball, location: 2F
3-2: Base on Balls
Pinch Hitting: RHB Nick Hernandes Balk!
Alex Rivera to second
0-0: Fly out, F7 (Line Drive, 7, EV 93.1 MPH)
Batting: RHB Josh Shoemaker 0-0: Called Strike
0-1: Ball
1-1: Ground out 5-3 (Groundball, 5D, EV 84.4 MPH)
Pinch Hitting: LHB Carlos Guajardo 0-0: Ball
1-0: Ball
2-0: Called Strike
2-1: Foul Ball, location: 2F
2-2: SINGLE (Flyball, 6MD, EV 92.5 MPH)
Alex Rivera to third
Batting: LHB Mike Gruszewski 0-0: SINGLE (Groundball, 3D, EV 103.8 MPH)
Alex Rivera scores
Carlos Guajardo to second
Runner from 2nd tries for 3rd, SAFE, throw by RF made to third
Batting: RHB Sam Voss 0-0: SINGLE (Line Drive, 8RS, EV 109.4 MPH)
Carlos Guajardo scores
Mike Gruszewski to second
Batting: RHB Bill Flannery 0-0: Ball
1-0: Called Strike
1-1: Ball
2-1: Ball
3-1: Base on Balls
Mike Gruszewski to third
Sam Voss to second
Batting: LHB Danny Moreno 0-0: Called Strike
0-1: Foul Ball, location: 2F
0-2: Foul Ball, location: 2F
0-2: Foul Ball, location: 2F
0-2: Ball
1-2: Ball
2-2: GRAND SLAM HOME RUN (Flyball, 9D, EV 96.2 MPH), Distance : 364 ft
Pinch Hitting: RHB Eulogio Loureiro 0-0: Ball
1-0: SOLO HOME RUN (Flyball, 7D, EV 98.8 MPH), Distance : 359 ft
Pitching: RHP Antonio Torres
Now at 2B: Glen Limeburner
Now in LF: Matt Wallace
Now in CF: Soichi Kaneshiro
Batting: LHB Alex Rivera 0-0: Ball
1-0: Ball
2-0: Called Strike
2-1: Ball
3-1: Called Strike
3-2: Ground out U3 (Groundball, 3S, EV 91.9 MPH)
Bottom of the 8th over - 7 runs, 5 hits, 0 errors, 0 left on base; Kelowna 11 - Amarillo 9
TOP OF THE 9TH
Kelowna Heat batting - Pitching for Amarillo ThunderHeads : RHP Jose Ramirez
Pitching: LHP Ruben Lopez
Now at 1B: Carlos Guajardo
Now at 2B: Tyler Romo
Now at SS: Shi-fu Cuan
Batting: RHB Mike Storey 0-0: Called Strike
0-1: Ball
1-1: Ball
2-1: SINGLE (Flyball, 8LS, EV 90.6 MPH)
Batting: LHB Dennis Jones 0-0: Ball
1-0: Ball
2-0: Ball
3-0: Base on Balls
Mike Storey to second
Batting: RHB Matt Wallace 0-0: Called Strike
0-1: Ball
1-1: Ball
2-1: SINGLE (Flyball, 3D, EV 92.5 MPH)
Mike Storey to third
Dennis Jones to second
Batting: RHB Soichi Kaneshiro 0-0: Called Strike
0-1: Ball
1-1: Swinging Strike
1-2: Ball
2-2: Strikes out looking
Batting: RHB Sean Gilbert 0-0: Called Strike
0-1: Ball
1-1: Ball
2-1: Foul Ball, location: 2F
2-2: Strikes out swinging
Batting: RHB Glen Limeburner 0-0: Ball
1-0: Called Strike
1-1: Fielders Choice at 2nd, 6-4 (Groundball, 6, EV 83.8 MPH)
Top of the 9th over - 0 runs, 2 hits, 0 errors, 3 left on base; Kelowna 11 - Amarillo 9
BOTTOM OF THE 9TH
Amarillo ThunderHeads batting - Pitching for Kelowna Heat : RHP Antonio Torres
Pinch Hitting: RHB Ryan Salas 0-0: Called Strike
0-1: Ball
1-1: Ball
2-1: Ball
3-1: Swinging Strike
3-2: SINGLE (Popup, 5D, EV 66.9 MPH)
Batting: RHB Josh Shoemaker 0-0: Ball
1-0: Called Strike
1-1: Foul Ball, location: 2F
1-2: Foul Ball, location: 2F
1-2: Ball
2-2: DOUBLE (Line Drive, 7LS, EV 106.2 MPH)
Ryan Salas to third
Batting: LHB Carlos Guajardo 0-0: Ball
1-0: Ball
2-0: Called Strike
2-1: Foul Ball, location: 2F
2-2: Ball
3-2: SINGLE (Groundball, 5D, EV 97.5 MPH)
Ryan Salas scores
Josh Shoemaker to third
Runner from 3rd tries for Home, SAFE, throw by LF to home
Batting: LHB Mike Gruszewski 0-0: Ball
1-0: Fly out, F8 (Line Drive, 8LD, EV 98.8 MPH)
Batting: RHB Sam Voss 0-0: Foul Ball, location: 2F
0-1: Ball
1-1: Ball
Carlos Guajardo is caught stealing 2nd base 2-4
2-1: SINGLE (Line Drive, 8RS, EV 105.0 MPH)
Batting: RHB Bill Flannery 0-0: Ball
Sam Voss steals 2nd base
1-0: Ball
2-0: Foul Ball, location: 2F
2-1: Ball
3-1: Swinging Strike
3-2: Ground out 6-3 (Groundball, 56, EV 102.5 MPH)
Bottom of the 9th over - 2 runs, 4 hits, 0 errors, 1 left on base; Kelowna 11 - Amarillo 11
TOP OF THE 10TH
Kelowna Heat batting - Pitching for Amarillo ThunderHeads : LHP Ruben Lopez
Pitching: LHP Matt Hawk
Now at 2B: Zhong See-to
Batting: LHB Adrian Navarro 0-0: Swinging Strike
0-1: Called Strike
0-2: Ball
1-2: Ball
2-2: Foul Ball, location: 2F
2-2: Ground out 6-3 (Groundball, 6M, EV 88.8 MPH)
Batting: LHB Oscar Tamayo 0-0: Ball
1-0: Foul Ball, location: 2F
1-1: Called Strike
1-2: Strikes out looking
Batting: RHB Armando Ramirez 0-0: Ball
1-0: Ball
2-0: Foul Ball, location: 2F
2-1: Swinging Strike
2-2: Strikes out swinging
Top of the 10th over - 0 runs, 0 hits, 0 errors, 0 left on base; Kelowna 11 - Amarillo 11
BOTTOM OF THE 10TH
Amarillo ThunderHeads batting - Pitching for Kelowna Heat : RHP Antonio Torres
Batting: LHB Danny Moreno 0-0: Ball
1-0: Foul Ball, location: 2F
1-1: Ball
2-1: Foul Ball, location: 2F
2-2: Foul Ball, location: 2F
2-2: Ground out 4-3 (Groundball, 34D, EV 97.5 MPH)
Batting: RHB Shi-fu Cuan 0-0: Called Strike
0-1: Foul Ball, location: 2F
0-2: Foul Ball, location: 2F
0-2: Foul Ball, location: 2F
0-2: Ball
1-2: Ball
2-2: Ball
3-2: Base on Balls
Batting: LHB Alex Rivera 0-0: Called Strike
0-1: SINGLE (Groundball, 34D, EV 93.8 MPH)
Shi-fu Cuan to second
Runner from 2nd tries for 3rd, SAFE, no throw by RF
Batting: RHB Zhong See-to 0-0: Fly out, F9 (Flyball, 89M, EV 99.4 MPH)
Runner from 3rd tags up, SCORES, throw by RF
Bottom of the 10th over - 1 run, 1 hit, 0 errors, 1 left on base; Kelowna 11 - Amarillo 12
Tuesday, March 28th , 2023 - OOTP Baseball 23.10 Build 110